AoeStats
← Chill_Deep

Arabia

507647321Analyzed
3v3 RM · 13d ago on Sep 19, 2026· 99m 4s· 6 players
Game mode
Random Map
Map size
Normal (6 player)
Population
200
Speed
Normal
Resources
Standard
Victory
Conquest
Starting age
Dark Age
Ending age
Imperial Age
RankedLock teamsTeams togetherTeam positionsShared explorationLock speedFull tech treeHidden civsTurbo modeCheats
Victory
Defeat
🇺🇸 Huns · United States
1083
+14
🇺🇸 Vietnamese · United States
976
+18
🇺🇸 Goths · United States
975
+18
🇲🇽 Berbers · Mexico
1094
-20
🇵🇾 Spanish · Paraguay
1009
-16
🇺🇸 Franks · United States
964
-14
Fragmonkei
12:16 Feudal Age
15:00 Wheelbarrow
14:42 Double-Bit Axe
18:10 Castle Age
16:55 Horse Collar
18:07 Forging
20:15 Bow Saw
20:20 Loom
23:11 Heavy Plow
25:11 Hand Cart
26:51 Forging
26:42 Scale Mail Armor
29:23 Iron Casting
29:49 Anarchy
30:54 Squires
34:49 Imperial Age
34:33 Chain Mail Armor
36:36 Conscription
35:38 Elite Huskarl
48:30 Blast Furnace
47:36 Perfusion
77:09 Town Watch
77:15 Town Watch
83:28 Town Patrol
Chill_Deep
7:05 Loom
9:50 Feudal Age
10:35 Double-Bit Axe
11:57 Horse Collar
19:32 Castle Age
18:14 Gold Mining
20:35 Scale Barding Armor
21:09 Bloodlines
21:00 Husbandry
21:16 Bow Saw
23:20 Wheelbarrow
26:51 Hand Cart
26:56 Forging
26:37 Fletching
28:32 Padded Archer Armor
29:13 Gold Shaft Mining
30:10 Thumb Ring
31:29 Bodkin Arrow
32:40 Ballistics
38:19 Leather Archer Armor
44:04 Stone Mining
49:12 Imperial Age
46:29 Town Watch
46:08 Light Cavalry
48:20 Masonry
48:50 Chain Barding Armor
50:22 Parthian Tactics
50:26 Bracer
51:03 Iron Casting
51:25 Plate Barding Armor
50:11 Cavalier
51:21 Heavy Cavalry Archer
53:06 Hussar
54:33 Coinage
56:02 Chemistry
56:08 Banking
64:18 Caravan
67:04 Blast Furnace
90:14 Murder Holes
microwaveLAZAR
11:21 Feudal Age
11:24 Man-at-Arms
23:59 Castle Age
62:09 Elite Skirmisher
77:10 Wheelbarrow
76:34 Double-Bit Axe
81:46 Imperial Age
82:27 Imperial Skirmisher
93:38 Elite Fire Lancer
gochodg
10:51 Feudal Age
13:44 Double-Bit Axe
18:40 Forging
21:46 Castle Age
23:35 Husbandry
23:43 Scale Barding Armor
31:31 Bow Saw
33:23 Iron Casting
33:08 Chain Barding Armor
38:59 Chain Barding Armor
39:31 Gold Mining
42:59 Imperial Age
43:04 Cavalier
44:46 Blast Furnace
44:22 Plate Barding Armor
45:49 Paladin
61:49 Gold Shaft Mining
61:04 Stone Mining
78:13 Light Cavalry
EsquedaKING
2:59 Loom
11:35 Feudal Age
10:26 Loom
21:28 Castle Age
21:29 Fletching
21:39 Padded Archer Armor
28:55 Ballistics
33:24 Leather Archer Armor
36:02 Kasbah
42:37 Imperial Age
41:14 Bloodlines
41:05 Husbandry
45:02 Chemistry
43:59 Light Cavalry
61:10 Forging
61:05 Scale Barding Armor
61:14 Hussar
62:50 Iron Casting
62:21 Heavy Camel Rider
85:45 Elite Skirmisher
Alarbel99 Y Norris
3:23 Loom
10:05 Feudal Age
11:37 Double-Bit Axe
16:14 Horse Collar
19:05 Wheelbarrow
18:17 Town Watch
21:35 Castle Age
21:40 Scale Mail Armor
21:51 Forging
21:46 Padded Archer Armor
21:57 Pikeman
22:38 Squires
22:45 Gold Mining
23:25 Town Watch
27:08 Arson
28:21 Elite Skirmisher
29:18 Leather Archer Armor
36:50 Ballistics
37:50 Fletching
42:31 Murder Holes
70:30 Thumb Ring
71:30 Hand Cart
73:51 Bodkin Arrow
76:33 Chain Mail Armor
88:21 Town Patrol
88:50 Bow Saw
Connection lost

Rejoining the realm…

Still unreachable

The connection could not be restored.

Session expired

The server has moved on; the page needs a fresh start.